[Event "Ste-Foy 5 2025-26"]
[Site "Ste-Foy CAN"]
[Date "2026.03.16"]
[Round "5"]
[White "Monat, Henri"]
[Black "Lorge, Edouard"]
[Result "0-1"]
[ECO "A90"]
[WhiteElo "1095"]
[BlackElo "1495"]
[WhiteFideId "-1"]
[BlackFideId "-1"]
[PlyCount "78"]
[GameId "2289146103436745"]
[EventDate "2026.02.16"]
[EventType "swiss"]
[EventRounds "5"]
[EventCountry "CAN"]
[TimeControl "5400+30"]

1. c4 f5 2. Nf3 Nf6 3. e3 e6 4. g3 d5 5. b3 Bd6 6. Bb2 O-O 7. Bg2 Nbd7 8. d4 c6 9. O-O Ne4 10. c5 Bc7 11. a3 g5 12. h3 Qe8 13. b4 g4 14. hxg4 fxg4 15. Nh4 Qh5 16. Bh3 Nxg3 17. fxg3 Rxf1+ 18. Kxf1 Bxg3 19. Bxg4 Qxh4 20. Bxe6+ Kh8 21. Qg4 Qxg4 22. Bxg4 Nf6 23. Bf3 Bg4 24. Ke2 Rf8 25. Nd2 Bxf3+ 26. Nxf3 Ne4 27. Rg1 Kg7 28. Nd2 Rf2+ 29. Ke1 Rxd2+ 30. Rxg3+ Nxg3 31. Kxd2 Kg6 32. Ke1 Kf5 33. a4 Ke4 34. Kd2 h5 35. b5 h4 36. a5 a6 37. bxc6 bxc6 38. Ke1 Kf3 39. e4 Nxe4 0-1

[Event "Ste-Foy 5 2025-26"]
[Site "Ste-Foy CAN"]
[Date "2026.03.16"]
[Round "5"]
[White "Fleury, Dominic"]
[Black "Aguilar Balzano, Sebastian"]
[Result "0-1"]
[ECO "C01"]
[WhiteElo "1318"]
[BlackElo "1270"]
[WhiteFideId "-1"]
[BlackFideId "-1"]
[PlyCount "84"]
[GameId "2289146255312353"]
[EventDate "2026.02.16"]
[EventType "swiss"]
[EventRounds "5"]
[EventCountry "CAN"]
[TimeControl "5400+30"]

1. e4 e6 2. d4 d5 3. exd5 exd5 4. Nf3 c5 5. Bf4 Nc6 6. Bb5 Bd7 7. O-O Nf6 8. Re1+ Be7 9. Bd6 Be6 10. Bxc5 Bxc5 11. dxc5 Qa5 12. Qe2 O-O 13. Bxc6 bxc6 14. Nc3 Rab8 15. Rab1 Rfe8 16. Qd2 Qxc5 17. Rbd1 h6 18. a3 Bg4 19. b4 Qb6 20. Qf4 a5 21. Rd4 Bxf3 22. Rxe8+ Rxe8 23. gxf3 Nh5 24. Qg4 f5 25. Na4 fxg4 26. Nxb6 gxf3 27. h3 axb4 28. axb4 Nf6 29. Rd3 Rb8 30. Na4 Rxb4 31. Nc3 d4 32. Rxf3 dxc3 33. Rxc3 Rb6 34. Kg2 Kf7 35. Kf3 Ke6 36. Rd3 Nd5 37. Kg4 Rb4+ 38. Kg3 Rb2 39. c4 Nf6 40. f4 Kf5 41. Kf3 Rc2 42. Rd4 c5 0-1

[Event "Ste-Foy 5 2025-26"]
[Site "Ste-Foy CAN"]
[Date "2026.03.16"]
[Round "5"]
[White "Lebel, Michel"]
[Black "Poitras, Marc"]
[Result "1-0"]
[ECO "B08"]
[WhiteElo "1076"]
[BlackElo "1330"]
[WhiteFideId "-1"]
[BlackFideId "-1"]
[PlyCount "65"]
[GameId "2289146342086125"]
[EventDate "2026.02.16"]
[EventType "swiss"]
[EventRounds "5"]
[EventCountry "CAN"]
[TimeControl "5400+30"]

1. e4 d6 2. Bc4 g6 3. Nf3 Bg7 4. d4 Nf6 5. Nc3 O-O 6. O-O c6 7. Re1 Re8 8. Be3 e5 9. dxe5 Ng4 10. Bg5 Qb6 11. h3 Qxf2+ 12. Kh1 Nxe5 13. Nxe5 Bxe5 14. Rf1 Qg3 15. Bxf7+ Kg7 16. Bf4 Bxf4 17. Rxf4 Re5 18. Ne2 Qe3 19. Qxd6 Nd7 20. Be6 Rxe4 21. Rxe4 Qxe4 22. Qe7+ Kh6 23. Ng3 Qe5 24. Kh2 Nf6 25. Qf8+ Kg5 26. Bxc8 Nd5 27. Rf1 Nf6 28. Qd8 h5 29. Qd2+ Kh4 30. Qb4+ Ne4 31. Qxe4+ Qxe4 32. Nxe4 g5 33. g3# 1-0

[Event "Ste-Foy 5 2025-26"]
[Site "Ste-Foy CAN"]
[Date "2026.03.16"]
[Round "5"]
[White "Pepin, Pierre-Luc"]
[Black "Wafer, Jacques"]
[Result "0-1"]
[ECO "D20"]
[WhiteElo "1177"]
[BlackElo "1400"]
[WhiteFideId "-1"]
[BlackFideId "-1"]
[PlyCount "26"]
[GameId "2289146400884217"]
[EventDate "2026.02.16"]
[EventType "swiss"]
[EventRounds "5"]
[EventCountry "CAN"]
[TimeControl "5400+30"]

1. d4 d5 2. c4 dxc4 3. a4 e6 4. e3 Qd5 5. Nc3 Bb4 6. Bd2 Bxc3 7. Bxc3 Nf6 8. Qe2 Ne4 9. Bb4 Nc6 10. Ba3 c3 11. b4 Nd2 12. Rc1 Nxf1 13. Qxf1 Qb3 0-1

[Event "Ste-Foy 5 2025-26"]
[Site "Ste-Foy CAN"]
[Date "2026.03.16"]
[Round "5"]
[White "Couture, Francois"]
[Black "Deschenes, Andre-Philippe"]
[Result "1-0"]
[ECO "D11"]
[WhiteElo "1232"]
[BlackElo "1256"]
[WhiteFideId "-1"]
[BlackFideId "-1"]
[PlyCount "133"]
[GameId "2289146468902405"]
[EventDate "2026.02.16"]
[EventType "swiss"]
[EventRounds "5"]
[EventCountry "CAN"]
[TimeControl "5400+30"]

1. d4 d5 2. c4 c6 3. Nf3 Nf6 4. Nc3 Bg4 5. e3 e6 6. Be2 Bb4 7. O-O O-O 8. Qb3 Bxc3 9. bxc3 Qc7 10. Re1 Nbd7 11. cxd5 cxd5 12. Bb2 Ne4 13. Rac1 Rfc8 14. c4 Qb6 15. Ne5 Qxb3 16. axb3 Nxe5 17. dxe5 Bxe2 18. Rxe2 dxc4 19. bxc4 Rd8 20. Bd4 b6 21. f3 Nc5 22. Rb1 Rab8 23. Reb2 Rdc8 24. Rb5 Nd7 25. c5 bxc5 26. Rxb8 Nxb8 27. Bxc5 a6 28. Bd6 Nc6 29. f4 g6 30. Kf2 a5 31. g4 a4 32. h4 Ra8 33. Ba3 h6 34. h5 Kg7 35. Rg1 Na5 36. Rc1 Nb3 37. Rc2 Rd8 38. Ke2 Kh7 39. Bb4 Ra8 40. Kd3 Na5 41. Ke4 Kg7 42. hxg6 Kxg6 43. f5+ Kg5 44. fxe6 fxe6 45. Rf2 Kxg4 46. Rg2+ Kh4 47. Kf4 Kh3 48. Rg6 h5 49. Rxe6 h4 50. Rg6 Nc4 51. Rc6 Nb2 52. Ba3 Nd3+ 53. Kf5 Ra5 54. Re6 Kh2 55. Ke4 Nf2+ 56. Kf3 Kg1 57. Rg6+ Kf1 58. Rg2 h3 59. Rxf2+ Kg1 60. Kg3 Rxe5 61. Re2 Kf1 62. Kf3 Rh5 63. Rh2 Kg1 64. Kg3 Re5 65. Re2 Rxe3+ 66. Rxe3 h2 67. Re1# 1-0

[Event "Ste-Foy 5 2025-26"]
[Site "Ste-Foy CAN"]
[Date "2026.03.16"]
[Round "5"]
[White "Nougaret, Jonathan"]
[Black "Godin, Francois"]
[Result "1-0"]
[ECO "A80"]
[WhiteElo "1327"]
[BlackElo "1052"]
[WhiteFideId "-1"]
[BlackFideId "-1"]
[PlyCount "71"]
[GameId "2289146544621073"]
[EventDate "2026.02.16"]
[EventType "swiss"]
[EventRounds "5"]
[EventCountry "CAN"]
[TimeControl "5400+30"]

1. d4 f5 2. Nc3 Nf6 3. Nf3 g6 4. h3 Bg7 5. Bf4 d6 6. e3 O-O 7. Bc4+ e6 8. O-O Qe8 9. Qe2 Kh8 10. Rfe1 a6 11. a4 Nbd7 12. Bb3 Nh5 13. Rad1 e5 14. dxe5 Nxe5 15. Bxe5 Bxe5 16. Nd5 Rb8 17. Nxc7 Qe7 18. Nd5 Qe8 19. Nxe5 dxe5 20. Rd2 Be6 21. Nc7 Qe7 22. Nxe6 Ng7 23. Nxg7 Qxg7 24. Red1 Qf6 25. Rd6 Qg5 26. Qd3 Kg7 27. Qd5 e4 28. Qe5+ Kh6 29. Rd7 Rh8 30. Qg7+ Kh5 31. Qxh7+ Qh6 32. Qxh6+ Kxh6 33. Kh2 a5 34. Kg3 g5 35. R1d6+ Kh5 36. Bf7# 1-0